 Dungeon Crawl Stone Soup version 0.30-a0-12-gd8047c6341 (webtiles) character file.

Game seed: 14154162630930705929

28 nickcage the Chopper (level 3, -4/26 (27) HPs)
             Began as a Demonspawn Wanderer on Aug 23, 2022.
             Killed by nerve-wracking pain
             ... invoked by an orc priest
              (7 damage)
             ... on level 2 of the Dungeon.
             The game lasted 00:03:05 (1314 turns).

nickcage the Chopper (Demonspawn Wanderer)          Turns: 1314, Time: 00:03:05

HP:   -4/26 (27)    AC:  3    Str: 14    XL:     3   Next: 0%
MP:   4/4           EV: 11    Int: 12    God:
Gold: 71            SH:  4    Dex: 13    Spells: 3/4 levels left

rFire   . . .      SeeInvis .    l - +0 broad axe
rCold   . . .      Faith    .    (no shield)
rNeg    . . .      Spirit   .    d - +0 robe
rPois   .          Reflect  .    b - +0 helmet
rElec   .          Harm     .    (no cloak)
rCorr   .          Rampage  .    (no gloves)
Will    .....                    (no boots)
Stlth   ++........               (no amulet)
HPRegen 0.08/turn                (no ring)
MPRegen 0.09/turn                (no ring)

@: lightly drained
A: condensation shield
a: no special abilities


You were on level 2 of the Dungeon.
You visited 1 branch of the dungeon, and saw 2 of its levels.

You collected 71 gold pieces.

Inventory:

Hand Weapons
 a - a +0 hand axe
 g - a +1 dagger of venom
 l - a +0 broad axe (weapon)
Missiles
 n - 3 datura-tipped darts
Armour
 b - a +0 helmet (worn)
 d - a +0 robe (worn)
Jewellery
 f - an amulet of guardian spirit
Scrolls
 e - a scroll of fear {unknown}
 i - a scroll of teleportation {unknown}
 k - a scroll of enchant weapon {unknown}
 m - a scroll of silence {unknown}
Potions
 c - a potion of haste
 h - 2 potions of curing {unknown}
 j - a potion of degeneration {unknown}
 o - a potion of flight {unknown}


   Skills:
 * Level 2.1 Fighting
 - Level 1.0 Short Blades
 * Level 2.2 Axes
 - Level 1.0 Throwing
 - Level 1.0 Armour
 - Level 1.0 Stealth
 - Level 1.0 Spellcasting
 - Level 1.7 Fire Magic
 - Level 1.0 Evocations


You had 3 spell levels left.
You knew the following spells:

 Your Spells              Type           Power      Damage    Failure   Level
a - Foxfire               Conj/Fire      8%         2x1d4     22%         1

Your spell library contained the following spells:

 Spells                   Type           Power      Damage    Failure   Level
 Inner Flame              Hex/Fire       2%         N/A       54%         3
 Sticky Flame             Conj/Fire      2%         2d3       91%         4


Dungeon Overview and Level Annotations

Branches:
Dungeon (2/15)

Altars:


Innate Abilities, Weirdness & Mutations

A meltable shield of frost defends you. (SH +4)


Message History

You hear an angry hiss.
You hit the orc but do no damage. The orc barely misses you.
You hit the orc but do no damage. The orc closely misses you.
The orc misses you.
You completely miss the orc. The orc closely misses you.
You slash the orc!
You kill the orc!
The orc misses you.
You barely miss the orc. You block the orc's attack.
You hit the orc.
The orc is moderately wounded.
The orc hits you with a +0 short sword. The orc hits you but does no damage.
You hit the orc.
You kill the orc!
You slash the orc!
You kill the orc!
The endoplasm hits you but does no damage.
An orc priest comes into view. It is wielding a +0 mace of draining.
You hit the endoplasm.
The endoplasm is moderately wounded.
The endoplasm freezes you.
You are frozen.
You slash the endoplasm!
You kill the endoplasm!
The orc priest invokes the aid of Beogh against you.
Beogh smites you!
Ouch! That really hurt!
* * * LOW HITPOINT WARNING * * *
You have reached level 3!
Your experience leads to an increase in your attributes!
Increase (S)trength, (I)ntelligence, or (D)exterity?
You feel stronger. x2
The orc priest hits you with a +0 mace of draining.
* * * LOW HITPOINT WARNING * * *
You feel drained.
Items here: ( )))) ? [.
You barely miss the orc priest.
The orc priest invokes the aid of Beogh against you.
Pain shoots through your body!
You die...

# ##..# ...# #..# #..#
#..# #..#############
#...............
##.#######.#############
......o@...#
.....####### .##


You could see an orc priest.

Vanquished Creatures
  A dart slug (D:2)
  3 orcs (D:2)
  3 endoplasms
  2 giant cockroaches (D:1)
  3 hobgoblins
  2 ball pythons
  A frilled lizard (D:2)
  4 kobolds
  4 rats
23 creatures vanquished.

Vanquished Creatures (others)
  4 foxfires
4 creatures vanquished.

Grand Total: 27 creatures vanquished

Notes
Turn   | Place    | Note
-------+----------+-------------------------------------------
     0 | D:1      | nickcage the Demonspawn Wanderer began the quest for the
                  | Orb.
     0 | D:1      | nickcage set off with the following items: a +0 hand axe, a
                  | +0 helmet, a potion of haste, a +0 robe; and the following
                  | spell memorised: Foxfire; and the following spells
                  | available to memorise: Inner Flame, Sticky Flame.
     0 | D:1      | Reached XP level 1. HP: 15/15 MP: 2/2
   507 | D:1      | Gained mutation: A meltable shield of frost defends you.
                  | (SH +4) [demonic ancestry]
   507 | D:1      | Reached XP level 2. HP: 22/22 MP: 3/3
   567 | D:1      | Reached skill level 1 in Short Blades
  1313 | D:2      | Reached XP level 3. HP: 5/27 MP: 4/4
  1314 | D:2      | Killed from afar by an orc priest

Illustrated notes

Levels and vault maps discovered:
D:1:      minmay_arrival_widening_spiral_wide, layout_loops_ring
D:2:      layout_loops_ring

Skill      XL: |  1  2 |
---------------+-------+-----
Short Blades   | 1 |  1.0
Fighting       | 2 |  2.1
Axes           | 2 |  2.2
Throwing       | |  1.0
Armour         | |  1.0
Stealth        | |  1.0
Spellcasting   | |  1.0
Fire Magic     | |  1.7
Evocations     | |  1.0

Action                   || total
-------------------------++-------
Melee: Dagger            ||    23
       Hand axe          ||     5
       Broad axe         ||    22
       Punch             ||     1
 Cast: Foxfire           ||     2
 Stab: Sleeping          ||     3
Armor: Robe              ||     8
Dodge: Dodged            ||    17
Block: Other             ||     4

Table legend: (Time is in decaauts)
 A = Elapsed time spent in this place.
 B = Non-inter-level travel time spent in this place.
 C = Inter-level travel time spent in this place.
 D = Time resting spent in this place.
 E = Time spent auto-exploring this place.
 F = Levels seen in this place.
 G = Mean time per level.
                   A        B        C        D        E       F      G
               +--------+--------+--------+--------+--------+-----+--------+
         Total |   1324 |   1299 |     25 |    146 |    978 |   2 |  662.0 |
       Dungeon |   1324 |   1299 |     25 |    146 |    978 |   2 |  662.0 |
               +--------+--------+--------+--------+--------+-----+--------+

Top non-repeatable levels by time:
     D:1: 957 daAuts
     D:2: 366 daAuts
